 Dungeon Crawl Stone Soup version 0.28-a0-268-g3f656e82c2 (webtiles) character file.

Game seed: 10160424550518765067

270 avis the Insei (level 6, -6/64 HPs)
             Began as an Octopode Transmuter on Aug 29, 2021.
             Mangled by Grinder (9 damage)
             ... while paralysed by Grinder
             ... on level 3 of the Dungeon.
             The game lasted 00:15:59 (2697 turns).

avis the Insei (Octopode Transmuter)                Turns: 2697, Time: 00:16:00

Health: -6/64      AC:  2    Str: 11    XL:     6   Next: 22%
Magic:  6/9        EV:  5    Int: 15    God:
Gold:   110        SH:  0    Dex: 18    Spells: 5/9 levels left

rFire   + . .      SeeInvis .     - Unarmed
rCold   + + .      Faith    .   (shield currently unavailable)
rNeg    . . .      Spirit   .   (helmet currently unavailable)
rPois   .          Reflect  .   e - amulet of the acrobat
rElec   +          Harm     .   g - ring of protection from cold
rCorr   +          Rampage  .   (no ring)
Will    .....                   (no ring)
Stlth   ..........              (no ring)
HPRegen 0.20/turn               (no ring)
MPRegen 0.11/turn               (no ring)
                                (no ring)
                                (no ring)

@: paralysed, berserking, spider-form (expiring), resistant, flying, hasted
A: venomous fangs, almost no armour, (amphibious), 8 rings, tiny, (camouflage
1), (gelatinous body 1), (nimble swimmer 1), (tentacles)
a: End Transformation


You were on level 3 of the Dungeon.
You were a venomous arachnid creature.
You visited 1 branch of the dungeon, and saw 3 of its levels.

You collected 110 gold pieces.

Inventory:

Hand Weapons
 b - a +0 short sword
 s - a +0 long sword
Missiles
 c - 4 bolts
 f - 61 stones (quivered)
 r - 13 poisoned darts
Jewellery
 e - an amulet of the acrobat (around neck)
 g - a ring of protection from cold (left front leg)
Scrolls
 h - 2 scrolls of blinking {unknown}
 i - 2 scrolls of amnesia {unknown}
 j - a scroll of fear {unknown}
 k - a scroll of identify {unknown}
 m - a scroll of teleportation {unknown}
 q - a scroll of immolation {unknown}
Potions
 o - a potion of heal wounds {unknown}
 p - a potion of cancellation {unknown}


   Skills:
 - Level 4.0 Fighting
 - Level 2.0 Dodging
 - Level 1.0 Stealth
 * Level 4.4 Unarmed Combat
 - Level 2.0 Spellcasting
 - Level 3.0 Transmutations
 - Level 2.0 Poison Magic


You had 5 spell levels left.
You knew the following spells:

 Your Spells              Type           Power      Damage    Failure   Level
a - Beastly Appendage     Tmut           20%        N/A       17%         1
p - Spider Form           Tmut/Pois      4%         N/A       45%         3

Your spell library contained the following spells:

 Spells                   Type           Power      Damage    Failure   Level
 Wereblood                Tmut           10%        N/A       24%         2
 Ice Form                 Ice/Tmut       6%         N/A       89%         4


Dungeon Overview and Level Annotations

Branches:
Dungeon (3/15)

Altars:

Shops:
D:2 ?

Annotations:
D:3 Grinder


Innate Abilities, Weirdness & Mutations

You are a venomous arachnid creature.
You have poisonous fangs.
You are tiny and dextrous.
Your spellcasting is less reliable in this form.
Your armour is entirely melded.
You are incapable of wielding weapons or throwing items.
You cannot wear most types of armour.
((You are amphibious.))
You can wear up to eight rings at the same time.
((Your skin changes colour to match your surroundings (Stealth+).))
((Your rubbery body absorbs attacks. (AC +1, EV +1)))
((You are camouflaged near water. (Stealth+)))
((You have tentacles for arms and can constrict up to eight enemies at once.))


Message History

You turn into a venomous arachnid creature.
Grinder blinks!
You see here a +0 long sword.
s - a +0 long sword Grinder gestures at you.
Pain shoots through your body!
Grinder blinks!
Grinder gestures at you.
You suddenly lose the ability to move!
Your transformation is almost over.
Grinder hits you!
You writhe in agony.
* * * LOW HITPOINT WARNING * * *
Grinder says, "At least Makhleb appreciates what I'm doing."
Grinder hits you.
* * * LOW HITPOINT WARNING * * *
Grinder hits you.
* * * LOW HITPOINT WARNING * * *
You writhe in agony.
* * * LOW HITPOINT WARNING * * *
You can move again.
It was a potion of resistance.
You feel protected. Grinder closely misses you.
It was a potion of haste.
You feel yourself speed up. Grinder gestures at you.
You shrug off the repeated paralysis!
It was a potion of flight.
You feel very buoyant.
You fly up into the air.
Grinder closely misses you.
It was a potion of berserk rage.
A red film seems to cover your vision as you go berserk!
You feel yourself moving faster!
You feel mighty! Grinder barely misses you.
You bite Grinder!
Grinder looks as sick as possible!
Grinder is moderately wounded.
You closely miss Grinder.
Grinder is moderately wounded.
Grinder gestures at you.
You suddenly lose the ability to move!
Grinder hits you!
You die...

#### # ...# ###
###.#######...# #..
..............# #.#
..............# #.#
......5s......# #.#
..............# ####.#
..............# #..<..
..............# ##...#
..#.#######...######...#
. +.......†.............
#.#######....######...
....................
##########.#########


You could see Grinder (extremely poisoned).

Vanquished Creatures
  Sigmund (D:2)
  Jessica (D:3)
  A gnoll (D:1)
  2 adders
  A worm (D:2)
  3 dart slugs
  2 endoplasms (D:1)
  2 giant cockroaches (D:3)
  5 goblins
  7 hobgoblins
  4 quokkas
  3 ball pythons (D:1)
  6 bats (D:1)
  4 frilled lizards
  4 kobolds
  7 rats
53 creatures vanquished.

Notes
Turn   | Place    | Note
-------+----------+-------------------------------------------
     0 | D:1      | avis the Octopode Transmuter began the quest for the Orb.
     0 | D:1      | Reached XP level 1. HP: 13/13 MP: 3/3
   340 | D:1      | Reached XP level 2. HP: 18/19 MP: 3/5
   366 | D:1      | Noticed a floating eye
   383 | D:1      | Found a faded altar of an unknown god.
   385 | D:1      | Noticed a floating eye
   392 | D:1      | Noticed a great orb of eyes
   392 | D:1      | Noticed an eye of devastation
   597 | D:1      | Reached XP level 3. HP: 25/25 MP: 4/6
   663 | D:1      | Reached skill level 1 in Poison Magic
   826 | D:1      | Learned a level 3 spell: Spider Form
  1281 | D:2      | Found Icycol's Magic Scroll Shop.
  1297 | D:2      | Reached XP level 4. HP: 26/31 MP: 7/7
  1379 | D:2      | Noticed Sigmund
  1572 | D:2      | Killed Sigmund
  1573 | D:2      | Reached XP level 5. HP: 37/37 MP: 5/8
  2312 | D:3      | Noticed Jessica
  2323 | D:3      | Killed Jessica
  2324 | D:3      | Reached skill level 1 in Stealth
  2324 | D:3      | Reached XP level 6. HP: 37/43 MP: 6/9
  2673 | D:3      | Noticed Grinder
  2686 | D:3      | Paralysed by Grinder for 5 turns
  2690 | D:3      | HP: 1/43 [Grinder (2)]
  2696 | D:3      | Paralysed by Grinder for 6 turns
  2697 | D:3      | Mangled by Grinder

Illustrated notes

Levels and vault maps discovered:
D:1:      tarquinn_simple_flora_water_f, layout_basic,
          hellmonk_ecumenical_altar_watching_god
D:2:      layout_basic, serial_shops, shop, kennysheep_path_1, uniq_sigmund
D:3:      layout_basic, minitemple, kennysheep_jessica_study, uniq_grinder

Skill      XL: |  1  2  3  4  5 |
---------------+----------------+-----
Fighting       | 2 3 4 |  4.0
Poison Magic   | 1 2 |  2.0
Transmutations | 3 |  3.0
Unarmed Combat | 4 |  4.4
Stealth        | 1 |  1.0
Dodging        | |  2.0
Spellcasting   | |  2.0

Action                   |  1- 3 |  4- 6 || total
-------------------------+-------+-------++-------
Melee: Unarmed           |    76 |    45 ||   121
       Constrict         |    24 |     1 ||    25
       Tentacles         |     9 |     1 ||    10
       Kick              |    14 |     3 ||    17
       Punch             |     3 |       ||     3
Throw: Stone             |     2 |       ||     2
 Cast: Beastly Appendage |    25 |     6 ||    31
       Spider Form       |       |    11 ||    11
  Use: Potion            |       |     4 ||     4
 Stab: Sleeping          |     5 |     2 ||     7
Armor: Skin              |     6 |     2 ||     8
Dodge: Dodged            |    29 |    25 ||    54

Table legend: (Time is in decaauts)
 A = Elapsed time spent in this place.
 B = Non-inter-level travel time spent in this place.
 C = Inter-level travel time spent in this place.
 D = Time resting spent in this place.
 E = Time spent auto-exploring this place.
 F = Levels seen in this place.
 G = Mean time per level.
                   A        B        C        D        E       F      G
               +--------+--------+--------+--------+--------+-----+--------+
         Total |   2692 |   2492 |    200 |    730 |    934 |   3 |  897.3 |
       Dungeon |   2692 |   2492 |    200 |    730 |    934 |   3 |  897.3 |
               +--------+--------+--------+--------+--------+-----+--------+

Top non-repeatable levels by time:
     D:2: 1094 daAuts
     D:1: 1003 daAuts
     D:3: 594 daAuts
